 Dungeon Crawl Stone Soup version 0.28.0-62-gf88900778d (webtiles) character file.

Game seed: 12232811541143476240

30 Nonny the Gusty (level 3, -11/22 HPs)
             Began as a Tengu Air Elementalist on Apr 16, 2023.
             Killed by an exploding ball python (30 damage)
             ... ignited by their inner flame
             ... on level 2 of the Dungeon.
             The game lasted 00:06:00 (974 turns).

Nonny the Gusty (Tengu Air Elementalist)             Turns: 974, Time: 00:06:01

Health: -11/22     AC:  2    Str:  8    XL:     3   Next: 18%
Magic:  6/7        EV: 12    Int: 17    God:
Gold:   50         SH:  0    Dex: 14    Spells: 0/6 levels left

rFire   . . .      SeeInvis .   c - +0 whip
rCold   . . .      Faith    .   (no shield)
rNeg    . . .      Spirit   .   a - +0 robe
rPois   .          Reflect  .   (helmet restricted)
rElec   .          Harm     .   (no cloak)
rCorr   .          Rampage  .   (no gloves)
Will    .....                   (boots unavailable)
Stlth   ++........              (no amulet)
HPRegen 0.07/turn               (no ring)
MPRegen 0.10/turn               (no ring)

@: no status effects
A: beak, talons 3
a: no special abilities


You were on level 2 of the Dungeon.
You visited 1 branch of the dungeon, and saw 2 of its levels.

You collected 50 gold pieces.

Inventory:

Hand Weapons
 c - a +0 whip (weapon)
Missiles
 h - 4 poisoned darts
Armour
 a - a +0 robe (worn)
Potions
 d - a potion of curing {unknown}
 f - 2 potions of mutation {unknown}
 g - a potion of lignification {unknown}


   Skills:
 + Level 2.7 Fighting
 - Level 2.1 Dodging
 - Level 2.0 Stealth
 - Level 2.0 Spellcasting
 - Level 1.3 Conjurations
 - Level 4.0 Air Magic


You couldn't memorise any spells.
You knew the following spells:

 Your Spells              Type           Power      Damage    Failure   Level
a - Shock                 Conj/Air       40%        1d5       6%          1
b - Static Discharge      Conj/Air       10%        N/A       10%         2
c - Swiftness             Air            15%        N/A       11%         3

Your spell library contained the following spells:

 Spells                   Type           Power      Damage    Failure   Level
 Airstrike                Air            7%         N/A       36%         4


Dungeon Overview and Level Annotations

Branches:
Dungeon (2/15)

Altars:

Shops:
D:2 ?


Innate Abilities, Weirdness & Mutations

You have a beak for a mouth.
You have claws for feet.


Message History

t - Shout!
Orders for allies: a - Attack new target. r - Retreat! s - Stop attacking. g - Guard the area. f - Follow me.
Anything else - Cancel.
Gang up on whom?
Press: ? - help, Dir - move target, f - goblin
Aim: a goblin, wielding a +0 club Attack!
The goblin barely misses your bat.
You swap places.
Your bat hits the goblin. The goblin misses your jackal.
Your jackal bites the goblin.
Casting: Shock (safe; 6% risk of failure)
Confirm with . or Enter, or press ? or * to list all spells.
Aiming: Shock (safe; 6% risk of failure)
Press: ? - help, Shift-Dir - straight line, f/p - goblin
Aim: a goblin, wielding a +0 club (severely wounded, ally target, 60% to hit)
Really fire in your jackal's direction? The zap hits your jackal.
Flame seeps out of your jackal.
Your jackal is heavily wounded.
The zap hits the goblin.
You kill the goblin!
Your jackal dissolves into shadows!
Unknown command.
Casting: Shock (safe; 6% risk of failure)
Confirm with . or Enter, or press ? or * to list all spells.
You can't see any susceptible monsters within range! (Use Z to cast anyway.) Unknown command.
You swap places.
Really attack your bat?
You hit your bat. Flame seeps out of your bat.
Your bat is severely wounded.
Your bat dissolves into shadows!
Unknown command.
Really attack your ball python?
You hit your ball python.
Your ball python's corpse dissolves into shadows!
Your ball python explodes!
The fiery explosion engulfs you!!
Ouch! That really hurt!
You die...

##.....#### #..∩......#
#.........# #.........#
########.........#
#................#
#...........#.......
#.......°...#############
#......§@§...............
#...)(.§§..###########...
#.......§§.# #...
#.......)..# #...
#..........# #...
#..........# #...
#..........# #...
#........... #... #...


There were no monsters in sight!

Vanquished Creatures
  A dart slug (D:1)
  An endoplasm (D:1)
  A giant cockroach (D:1)
  3 goblins
  2 hobgoblins (D:1)
  3 jackals (D:2)
  4 kobolds
  3 quokkas
  3 bats
  2 frilled lizards
23 creatures vanquished.

Vanquished Creatures (collateral kills)
  A goblin (D:2)
1 creature vanquished.

Grand Total: 24 creatures vanquished

Notes
Turn   | Place    | Note
-------+----------+-------------------------------------------
     0 | D:1      | Nonny the Tengu Air Elementalist began the quest for the
                  | Orb.
     0 | D:1      | Reached XP level 1. HP: 10/10 MP: 4/4
    23 | D:1      | Starting vault: Crystal wall chamber with line of deep
                  | water and lines of statues and fountains.
    66 | D:1      | Reached skill level 1 in Fighting
   142 | D:1      | Reached XP level 2. HP: 14/16 MP: 3/6
   280 | D:1      | Found a faded altar of an unknown god.
   739 | D:1      | Learned a level 2 spell: Static Discharge
   895 | D:2      | Reached XP level 3. HP: 13/22 MP: 3/7
   903 | D:2      | Learned a level 3 spell: Swiftness
   938 | D:2      | Found Huas's Magic Scroll Emporium.
   954 | D:2      | KAASOY QIEGECH - scroll of summoning
   955 | D:2      | UTZYT KEBREETS - immolation
   974 | D:2      | Killed by an exploding ball python... ignited by their
                  | inner flame

Illustrated notes ############# #....)......# ##.8.⌠.8.⌠.8.## .#######.............## .......∩.≈≈≈≈≈≈≈≈≈≈≈.<# .#######......@......## ##.8.⌠.8.⌠.8.## #...........# ############# Turn 23 on D:1: Starting vault: Crystal wall chamber with line of deep water and lines of statues and fountains.

### .. .# ###+#.#
#.....# ##..b..####
#S.@.h....# #.........#
#...h.....#
#####.........#
..............#
.........#.......
.........###############
........................
..(.....###########.....


Turn 954 on D:2: KAASOY QIEGECH - scroll of summoning ### .. .# ###+#.# #.....#
##..b..#### #.S@h.....# #..h......# #.........# #####.........# ..............#
.........#....... .........############### ........................
..(.....###########..... Turn 955 on D:2: UTZYT KEBREETS - immolation

Levels and vault maps discovered:
D:1:      mainiacjoe_arrival_reflecting_pool, layout_loops_ring,
          chequers_ecumenical_altar_simple_redux
D:2:      layout_basic, serial_shops, shop

Skill      XL: |  1  2 |
---------------+-------+-----
Fighting       | 1 2 |  2.7
Dodging        | |  2.1
Stealth        | |  2.0
Spellcasting   | |  2.0
Conjurations   | |  1.3
Air Magic      | |  4.0

Action                   || total
-------------------------++-------
Melee: Unarmed           ||     9
       Kick              ||     4
       Peck              ||     2
       Whip              ||    27
       Punch             ||     1
 Cast: Shock             ||    24
       Static Discharge  ||     1
  Use: Scroll            ||     2
 Stab: Sleeping          ||     2
Armor: Robe              ||     5
Dodge: Dodged            ||    34
